cohdb
Replays
Latest Replays
All Replays
Popular Replays
Top Player Replays
Match Explorer
How It Works
Community
CoH3 Stats
Reddit
Sign in to upload your games and track your stats! →
Sign in with Steam
Match 39658760
Unlisted
Match 39658760
Overview
Messages
Build Orders
End
Construct Barracks
Riflemen Squad
Selects Heavy Weapons
Riflemen Squad
M1 Mortar Team
Riflemen Squad
Infantry Support Center
Construct Motor Pool
Selects Assault Carriers
Selects M2HB .50cal Heavy Machine Gun
M8 Greyhound Armored Car
Construct Weapon Support Center
M3 Assault Carrier
Engineer Squad
Selects Exchangeable Parts
M24 Chaffee Light Tank
Bazooka Squad
M1918 Browning Automatic Rifles
Grenade Package
Riflemen Squad
Riflemen Squad
Bazooka Squad
M3 Assault Carrier
Construct Tank Depot
Selects Gallant Stand
Selects Black Dragon Artillery Barrage
Black Dragon Artillery Barrage
Black Dragon Artillery Barrage
M4(105) Sherman Bulldozer
Bazooka Squad
Riflemen Squad
M4(105) Sherman Bulldozer
Black Dragon Artillery Barrage
Black Dragon Artillery Barrage
TidaL
colinmeier50
KoreanLiberationArmy
Worrom
Kernstorm
GTI
0
0
Comments
sign in to comment!
No comments posted yet!